Map: 10000 Feet LE

Players

Geralt (Gerald)

  • Race: Protoss Protoss
  • League: Grandmaster
  • Spawn Location: 5:00

Lambo - Winner!

  • Race: Zerg Zerg
  • League: Grandmaster
  • Spawn Location: 11:00

VOD

Have the link to the VOD?

Description

Time

  • Played on: Jan. 30, 2026, 6:56 a.m.
  • Length: 10:15
Show
View Real Time Build Order
Export as new Build Order

Geralt Protoss 

Build Orders: 1 Gate Expand, Oracle Opening 

Get SALT Encoding   

  12  0:00  Probe  
  13  0:12  Probe  
  14  0:20  Pylon  
  14  0:23  Probe  
  15  0:34  Probe  
  15  0:41  Gateway  
  16  0:43  Probe  
  16  0:49  Assimilator  
  17  0:55  Probe  
  18  1:12  Probe  
  19  1:24  Probe  
  20  1:31  Nexus  
  20  1:36  Probe  
  20  1:38  Cybernetics Core  
  21  1:45  Assimilator  
  21  1:48  Probe  
  21  1:53  Pylon  
  22  2:00  Probe  
  23  2:04  Adept  
  23  2:12  Probe  
  26  2:24  Stargate, Probe  
  26  2:25  Adept  
  27  2:36  Probe  
  30  2:38  Warp Gate  
  30  2:43  Probe  
  31  2:49  Probe  
  32  2:54  Adept  
  32  2:55  Probe  
  35  3:01  Probe  
  35  3:03  Oracle  
  36  3:07  Probe  
  37  3:13  Probe  
  37  3:19  Probe  
  42  3:25  Probe  
  43  3:32  Probe  
  44  3:37  Probe  
  44  3:40  Nexus  
  45  3:42  Pylon  
  45  3:44  Probe  
  45  3:47  Gateway  
  46  3:50  Oracle  
  46  3:57  Assimilator  
  46  3:59  Pylon  
  46  4:00  Probe  
  46  4:01  Probe  
  49  4:13  Probe x2  
  49  4:14  Twilight Council  
  49  4:16  Pylon  
  49  4:25  Probe x2  
  49  4:26  Forge  
  49  4:27  Pylon  
  49  4:30  Gateway  
  51  4:37  Adept, Probe  
  54  4:40  Blink  
  54  4:42  Probe, Gateway  
  55  4:49  Probe  
  55  4:50  Stalker  
  55  4:51  Probe  
  59  4:52  Probe  
  59  4:56  Pylon  
  59  4:57  Probe  
  60  5:03  Probe  
  60  5:05  Protoss Ground Weapons Level 1, Probe  
  62  5:07  Stalker  
  62  5:08  Probe  
  62  5:12  Probe  
  67  5:22  Probe  
  67  5:23  Probe  
  67  5:24  Probe  
  70  5:31  Adept x2  
  70  5:34  Shield Battery  
  70  5:35  Probe x2  
  75  5:36  Pylon, Probe  
  75  5:37  Gateway  
  75  5:39  Gateway  
  77  5:45  Assimilator  
  77  5:47  Pylon, Probe  
  77  5:48  Probe  
  77  5:49  Probe  
  80  5:50  Stalker x2  
  84  6:02  Probe  
  84  6:03  Stalker x2  
  89  6:11  Gateway  
  89  6:13  Gateway, Stalker x2  
  93  6:20  Nexus  
  93  6:24  Pylon  
  93  6:25  Probe x2  
  95  6:27  Assimilator  
  95  6:31  Stalker x2  
  99  6:43  Probe  
  99  6:45  Stalker x4  
  108  6:51  Probe  
  108  6:53  Charge, Probe  
  102  6:58  Probe  
  103  7:04  Probe  
  103  7:05  Probe  
  103  7:07  Gateway  
  103  7:08  Gateway  
  105  7:10  Probe  
  106  7:16  Probe  
  106  7:18  Probe  
  106  7:22  Probe  
  109  7:28  Probe  
  110  7:30  Stalker x3  
  110  7:32  Photon Cannon, Probe  
  110  7:33  Probe, Shield Battery  
  110  7:34  Probe, Templar Archives  
  119  7:37  Photon Cannon  
  119  7:38  Assimilator  
  119  7:39  Assimilator  
  119  7:41  Photon Cannon, Shield Battery  
  119  7:43  Assimilator, Stalker  
  119  7:44  Stalker x2, Zealot  
  125  7:47  Zealot  
  129  7:57  Zealot x3, Probe  
  123  7:58  Probe  
  123  7:59  Probe x2  
  123  8:01  Psionic Storm  
  123  8:05  Probe  
  125  8:11  Probe x3  
  129  8:13  Probe  
  130  8:20  High Templar  
  130  8:22  Pylon  
  130  8:24  Pylon  
  132  8:27  Pylon  
  132  8:32  Fleet Beacon  
  132  8:35  Pylon  
  132  8:38  Pylon  
  132  8:40  Probe x3  
  135  8:44  Zealot x7  
  137  8:51  High Templar x2  
  137  8:53  Probe  
  137  8:55  Photon Cannon  
  142  8:58  Shield Battery  
  142  8:59  Pylon  
  142  9:01  Stargate  
  142  9:02  Probe  
  143  9:03  Photon Cannon  
  143  9:06  Photon Cannon  
  143  9:07  Probe  
  143  9:09  High Templar x3  
  150  9:16  Archon  
  150  9:18  Gateway, Stalker  
  150  9:19  Stalker x2  
  114  9:38  Stalker x4  
  114  9:44  Probe  
  90  9:47  High Templar  
  90  9:48  Zealot x5  
  90  9:50  Probe  
Show
View Real Time Build Order
Export as new Build Order

Lambo Zerg - Winner!

Build Orders: Hatch First 

Get SALT Encoding   

  12  0:00  Drone  
  13  0:08  Drone  
  14  0:16  Extractor  
  14  0:17  Drone  
  15  0:21  Overlord  
  15  0:39  Drone  
  16  0:45  Hatchery  
  16  0:49  Drone  
  16  0:53  Drone  
  16  0:56  Drone  
  18  1:08  Extractor  
  18  1:11  Spawning Pool  
  16  1:16  Drone  
  17  1:19  Drone  
  18  1:27  Drone  
  19  1:38  Drone  
  20  1:49  Drone  
  21  1:57  Queen x2  
  21  1:58  Zergling x2  
  26  2:02  Overlord  
  26  2:07  Drone  
  27  2:09  Zergling x2  
  27  2:15  Metabolic Boost  
  28  2:21  Drone x2  
  30  2:29  Drone  
  31  2:31  Drone  
  32  2:41  Hatchery  
  31  2:47  Queen  
  33  2:52  Overlord  
  33  2:58  Zergling x2  
  34  2:59  Zergling x2  
  34  3:02  Zergling x2  
  36  3:07  Overlord  
  36  3:13  Drone x4  
  36  3:16  Zergling x4  
  41  3:28  Drone x3  
  43  3:34  Spore Crawler, Drone  
  43  3:38  Drone x2  
  46  3:41  Spore Crawler  
  46  3:42  Drone x2  
  46  3:46  Drone x2  
  49  3:55  Queen  
  51  3:57  Drone  
  51  4:00  Spore Crawler  
  50  4:04  Drone x5  
  50  4:08  Drone  
  55  4:12  Drone x2  
  57  4:19  Overlord  
  57  4:21  Drone  
  58  4:25  Evolution Chamber  
  58  4:27  Drone  
  58  4:33  Overlord  
  58  4:37  Queen  
  58  4:38  Overlord  
  60  4:40  Drone x5  
  60  4:42  Drone  
  66  4:46  Overlord  
  66  4:50  Hatchery  
  66  4:51  Zerg Melee Weapons Level 1  
  67  4:52  Drone x2  
  67  4:53  Drone x2  
  67  4:57  Drone x2, Extractor  
  70  5:00  Drone x2  
  70  5:02  Drone  
  73  5:08  Drone x2  
  73  5:09  Lair  
  73  5:10  Drone x3  
  73  5:12  Drone, Extractor  
  78  5:15  Extractor  
  75  5:22  Drone x8  
  75  5:23  Overlord  
  83  5:29  Extractor  
  83  5:31  Overlord  
  83  5:34  Overlord  
  82  5:40  Baneling Nest, Drone  
  82  5:41  Queen  
  82  5:42  Drone x3  
  87  5:44  Zergling x6  
  87  5:48  Overlord  
  90  5:50  Spore Crawler  
  90  5:53  Zergling x2  
  90  5:54  Zergling x2  
  91  5:58  Drone x2  
  91  6:02  Zergling x2  
  91  6:03  Zergling x2  
  95  6:09  Spore Crawler  
  95  6:10  Drone x2  
  96  6:12  Zergling x2, Hydralisk Den  
  96  6:13  Zergling x12  
  96  6:15  Drone  
  96  6:17  Drone  
  104  6:21  Drone  
  104  6:23  Zergling x6  
  104  6:25  Centrifugal Hooks  
  107  6:26  Drone  
  107  6:27  Drone  
  107  6:28  Extractor  
  107  6:31  Drone  
  107  6:32  Zergling x6  
  112  6:34  Zergling x2  
  112  6:37  Zergling x2  
  112  6:38  Zergling x10  
  119  6:40  Hatchery  
  119  6:41  Overlord  
  119  6:42  Overlord  
  117  6:47  Overlord  
  115  6:59  Queen, Overlord  
  112  7:03  Drone x12  
  124  7:11  Muscular Augments  
  124  7:15  Zerg Missile Weapons Level 1  
  124  7:17  Hydralisk x8  
  124  7:21  Hydralisk  
  139  7:28  Hydralisk x3  
  142  7:36  Overlord x2  
  142  7:37  Overlord  
  142  7:38  Overlord  
  142  7:40  Overlord  
  140  7:47  Hydralisk x2  
  141  7:51  Zergling x4  
  141  7:52  Overlord x2  
  141  7:57  Zergling x14  
  143  8:01  Hydralisk x2  
  143  8:04  Hydralisk x4  
  151  8:07  Hydralisk  
  151  8:11  Queen  
  155  8:15  Grooved Spines  
  155  8:16  Hydralisk x6  
  155  8:19  Hydralisk  
  163  8:23  Zergling x4  
  163  8:26  Zergling x2  
  166  8:29  Zergling x4  
  168  8:34  Zergling x2  
  168  8:35  Zergling x12, Infestation Pit  
  168  8:39  Zergling x2  
  168  8:40  Zergling x10  
  173  8:42  Hatchery  
  173  8:45  Zergling x8  
  173  8:48  Zergling x2  
  170  8:49  Zergling x6  
  170  8:54  Zergling x2  
  172  8:58  Baneling x3  
  172  8:59  Baneling x8, Evolution Chamber  
  172  9:00  Zergling x4  
  172  9:02  Baneling x8  
  173  9:03  Zergling x16  
  173  9:05  Zergling x6  
  173  9:06  Baneling x16  
  184  9:12  Zergling x8  
  184  9:14  Baneling  
  186  9:17  Baneling x12  
  186  9:19  Zergling x8  
  186  9:23  Zergling x10  
  192  9:29  Zergling x10  
  190  9:34  Zergling x12  
  190  9:35  Zergling x6  
  183  9:39  Zergling x10  
  183  9:42  Hydralisk  
  177  9:48  Zergling x2  
  177  9:49  Zergling x4  
  177  9:51  Zergling x4  
  171  9:58  Zergling x2  
Tags
 
Add a new tag
Caveats
  • Supply blocks, unpowered buildings, or Contaminate may cause inaccurate times.
  • Supply counts are checked every 10 seconds.